 Dungeon Crawl Stone Soup version 0.18.1-8-gdd0e5ea (webtiles) character file.

1074 shmeve the Chopper (level 8, 20/75 HPs)
             Began as a Deep Dwarf Berserker on May 27, 2016.
             Was a Priest of Trog.
             Quit the game on level 6 of the Dungeon.
             The game lasted 00:10:18 (4464 turns).

shmeve the Chopper (Deep Dwarf Berserker)           Turns: 4464, Time: 00:10:18

Health: 20/75      AC: 12    Str: 24    XL:     8   Next: 7%
Magic:  9/9        EV: 10    Int:  7    God:    Trog [***...]
Gold:   215        SH:  0    Dex: 12    Spells: 0 memorised, 7 levels left

rFire  + . .     SeeInvis .     a - +0 hand axe
rCold  . . .     Gourm    .     j - +0 chain mail
rNeg   . . .     Faith    .     (no shield)
rPois  .         Spirit   .     o - +2 helmet
rElec  .         Dismiss  .     (no cloak)
rCorr  .         Reflect  .     (no gloves)
SustAt .         Harm     .     (no boots)
MR     +....                    (no amulet)
Stlth  ..........               (no ring)
                                q - ring of protection from fire

@: non-regenerating, somewhat resistant to hostile enchantments, extremely
unstealthy
A: damage resistance, recharge devices, sense surroundings 1, slow regeneration
3
a: Device Recharging, Berserk, Trog's Hand, Burn Spellbooks, Renounce Religion


You were on level 6 of the Dungeon.
You worshipped Trog.
Trog was most pleased with you.
You were near starving.

You visited 1 branch of the dungeon, and saw 6 of its levels.

You collected 215 gold pieces.

Inventory:

Hand Weapons
 a - a +0 hand axe (weapon)
Armour
 j - a +0 chain mail (worn)
 o - a +2 helmet (worn)
Jewellery
 q - a ring of protection from fire (left hand)
Wands
 c - a wand of heal wounds (3/9)
 D - a wand of slowing (18/48)
Scrolls
 e - 2 scrolls of remove curse {unknown}
 f - 8 scrolls of identify {unknown}
 h - a scroll of noise {unknown}
 i - 2 scrolls of magic mapping {unknown}
 u - a scroll of recharging {unknown}
 v - a scroll of enchant armour {unknown}
 y - a scroll of enchant weapon {unknown}
 z - a scroll of teleportation {unknown}
 E - a scroll of fog {unknown}
Potions
 b - a potion of resistance {unknown}
 g - 2 potions of invisibility {unknown}
 k - a potion of haste {unknown}
 m - a potion of might {unknown}
 n - 3 potions of heal wounds
 r - a potion of lignification {unknown}
 s - a potion of cancellation {unknown}
 w - 2 potions of cure mutation {unknown}
 x - a potion of degeneration {unknown}
 B - a potion of berserk rage {unknown}
 C - a potion of brilliance {unknown}
Comestibles
 d - 6 bread rations
 l - a royal jelly
 p - 3 beef jerkies
 t - 3 meat rations
 A - 3 fruits


   Skills:
 * Level 5.5 Fighting
 * Level 6.3 Axes
 + Level 4.2 Armour
 + Level 4.6 Dodging
 + Level 3.8 Evocations


You had 7 spell levels left.
You didn't know any spells.

Dungeon Overview and Level Annotations

Branches:
Dungeon (6/15)             Temple (0/1) D:5

Altars:
Ashenzari
Fedhas
Pakellas
Qazlal
Ru
Trog
Vehumet
The Shining One

Annotations:
D:6 Prince Ribbit


Innate Abilities, Weirdness & Mutations

You are resistant to damage.
You can recharge devices by infusing magical energy.
You passively map a small area around you.
You do not regenerate naturally.


Message History

You barely miss the phantom.
The phantom is moderately damaged.
The phantom completely misses you.
You hit the phantom but do no damage.
The phantom is moderately damaged.
The phantom hits you but does no damage.
You hit the phantom but do no damage.
The phantom is moderately damaged.
The phantom hits you but does no damage.
You hit the phantom.
The phantom is heavily damaged.
The phantom hits you.
* * * LOW HITPOINT WARNING * * *
You hit the phantom but do no damage.
The phantom is heavily damaged.
The phantom hits you but does no damage.
You hit the phantom.
The phantom is heavily damaged.
The phantom hits you.
The phantom blinks!
Are you sure you want to abandon this character and quit the game? (Confirm with "yes".)

..........#
.....<....#
.....###### .....#
###..# ###### ####.##
#....# ......# #.##.#
####..#######.##.#####
####.........##@.W..#
#.....#############.#
,#.....<...#
#......##.# #####.#
#......##.# #.....#
,#...##..#.#####.####
###.##..#..........# *
#.##..#######.##.#
####.............#


You could see a phantom.

Vanquished Creatures
  Grinder (D:3)
  Duvessa (D:6)
  An ogre (D:5)
  Dowan (D:6)
  A scorpion (D:5)
  A howler monkey (D:5)
  3 giant frog skeletons
  A hound (D:4)
  2 orc priests (D:5)
  5 orc wizards
  3 worker ants
  4 gnolls (D:5)
  2 adders
  A shadow imp (D:6)
  2 oozes (D:2)
  An adder skeleton (D:5)
  4 worms
  2 giant geckos
  11 orcs
  7 giant cockroaches
  6 goblins
  6 hobgoblins
  7 jackals
  3 kobolds
  4 quokkas
  A ball python (D:1)
  14 bats
  6 giant newts
  A jackal zombie (D:5)
  A quokka skeleton (D:6)
  4 rats
107 creatures vanquished.

Vanquished Creatures (others)
  A goblin (D:3)
1 creature vanquished.

Grand Total: 108 creatures vanquished

Notes
Turn   | Place    | Note
--------------------------------------------------------------
     0 | D:1      | shmeve the Deep Dwarf Berserker began the quest for the Orb.
     0 | D:1      | Reached XP level 1. HP: 20/20 MP: 1/1
   144 | D:1      | Reached XP level 2. HP: 17/27 MP: 2/2
   431 | D:1      | Reached ** piety under Trog
   751 | D:2      | Reached skill level 1 in Evocations
   760 | D:2      | Found an oddly glowing altar of Pakellas.
   911 | D:2      | Reached XP level 3. HP: 29/34 MP: 3/3
   950 | D:2      | Reached skill level 4 in Axes
  1631 | D:2      | Reached XP level 4. HP: 18/42 MP: 4/4
  1757 | D:3      | Found a sacrificial altar of Ru.
  1791 | D:3      | Found a faded altar to an unknown god.
  1883 | D:3      | Found a blossoming altar of Fedhas.
  1929 | D:3      | Noticed Grinder
  2001 | D:3      | Paralysed by Grinder for 6 turns
  2018 | D:3      | Paralysed by Grinder for 6 turns
  2040 | D:3      | Paralysed by Grinder for 7 turns
  2060 | D:3      | Paralysed by Grinder for 2 turns
  2071 | D:3      | Paralysed by Grinder for 7 turns
  2089 | D:3      | Killed Grinder
  2089 | D:3      | Reached skill level 5 in Axes
  2089 | D:3      | Reached XP level 5. HP: 23/50 MP: 4/6
  2089 | D:3      | Reached XP level 6. HP: 26/57 MP: 4/7
  2231 | D:3      | Found a glowing golden altar of the Shining One.
  2267 | D:3      | Found a stormy altar of Qazlal.
  2316 | D:4      | HP: 2/57 [orc wizard/puff of flame (6)]
  2571 | D:4      | Reached *** piety under Trog
  2691 | D:4      | Found a shattered altar of Ashenzari.
  3162 | D:5      | Entered Level 5 of the Dungeon
  3181 | D:5      | Found a staircase to the Ecumenical Temple.
  3197 | D:5      | Reached XP level 7. HP: 22/66 MP: 7/9
  3470 | D:5      | Reached skill level 5 in Fighting
  3644 | D:5      | Found a bloodstained altar of Trog.
  4112 | D:6      | Noticed Dowan
  4113 | D:6      | Noticed Duvessa
  4135 | D:6      | Killed Duvessa
  4135 | D:6      | Reached skill level 6 in Axes
  4140 | D:6      | Killed Dowan
  4185 | D:6      | Reached XP level 8. HP: 75/75 MP: 9/9
  4238 | D:6      | Noticed Prince Ribbit
  4258 | D:6      | Found a radiant altar of Vehumet.
  4464 | D:6      | Quit the game

Skill      XL: |  1  2  3  4  5  6  7 |
---------------+----------------------+-----
Fighting       | 3 4 5 |  5.5
Evocations     | 1 2 3 |  3.8
Axes           | 4 5 6 |  6.3
Dodging        | 3 4 |  4.6
Armour         | 3 4 |  4.2

Action                   |  1- 3 |  4- 6 |  7- 9 || total
-------------------------+-------+-------+-------++-------
Melee: Hand axe          |   165 |   200 |   194 ||   559
Invok: Trog's Hand       |     2 |     2 |     3 ||     7
       Berserk           |     1 |     1 |     3 ||     5
       Burn Spellbooks   |       |     2 |       ||     2
 Abil: Device Recharging |       |       |     1 ||     1
Evoke: Wand              |       |     3 |     3 ||     6
  Eat: Chunk             |     4 |     5 |     8 ||    17
Armor: Scale mail        |    37 |       |       ||    37
       Chain mail        |    98 |   156 |   108 ||   362
Dodge: Dodged            |   121 |   117 |   100 ||   338
